 BcadrenCrawl: Boulder Brew version 0.03.3.1-31-gd4c2611de9 (webtiles) character file.

Game seed: 2420372339227140858, levelgen mode: deterministic

14433 Chiseanne the Warrior (level 12, 0/99 HPs) Goblin Demonspawn. Began on Mar 18, 2021. Was an Initiate of Gozag Ym Sagoz. Shot with an arrow by a skeletal warrior (7 damage) ... on level 6 of the Dungeon. The game lasted 00:22:50 (5424 turns).

Chiseanne the Warrior (Goblin Demonspawn)           Turns: 5424, Time: 00:22:50

Health: 0/99       AC: 29    Str: 12    XL:     12 ^: 6275
Magic:  0/19       EV: 10    Int: 10    God:    Gozag Ym Sagoz
Gold:   958        SH:  6    Dex:  3    Spells: 25/26 levels left

rFire    . . .     Vision   .   a - +2 katar (freeze)
rCold    . . .     Gourm    .   l - +1 short sword (venom)
rNeg     . . .     Faith    .   G - +6 plate armour of Fortification {Str+4}
rPois    .         Spirit   +   t - +1 hat
rElec    +         Reflect  .   k - +2 cloak of Circular Logic {rElec MR++ Int+4 Dex-3}
rCorr    .         Harm     .   (no gloves)
MR       ++...                  (no boots)
Stlth    ..........             (no amulet)
HPRegen  0.43/turn              f - ring of stealth
MPRegen  0.29/turn              n - ring of protection

@: studying Fighting
A: small, stagnant stats, goblin's greed, horns 2, large bone plates 2, low mp
1, mutation resistance 1, spiny 1, magic shield, god's pity 2
a: Potion Petition, Call Merchant, Bribe Branch, Renounce Religion


You were on level 6 of the Dungeon.
You worshipped Gozag Ym Sagoz.
Gozag Ym Sagoz was pleased with you.
You were not hungry.

You visited 2 branches of the dungeon, and saw 7 of its levels.
You also visited: Bailey.

You collected 2188 gold pieces.
You spent 1036 gold pieces at shops.
You paid 624 gold pieces to Gozag.

Inventory:

Weapons
 a - a +2 katar of freezing (weapon)
 l - a +1 short sword of venom (weapon)
 o - a cursed +3 short sword {(Curse: *Corrode)}
 w - a +0 hand crossbow
 B - a +0 rapier of speed
Armour
 k - the +2 cloak of Circular Logic (worn) {rElec MR++ Int+4 Dex-3}
   (You found it in a bailey)

   It affects your intelligence (+4).
   It affects your dexterity (-3).
   It insulates you from electricity.
   It affects your resistance to hostile enchantments.
 t - a +1 hat (worn)
 C - a +0 cloak
 G - the +6 plate armour of Fortification (worn) {Str+4}
   (You bought it in a shop on level 5 of the Dungeon)

   It affects your strength (+4).
Magical Staves
 D - a +8 menacing staff of death
Jewellery
 f - a ring of stealth (left hand)
 i - an uncursed ring of magical power
 n - a ring of protection (right hand)
 r - a cursed ring of ice {(Curse: Dex-4)}
 x - a cursed ring of poison resistance {(Curse: *Drain)}
Wands
 b - a wand of scattershot
 q - a wand of flame (37)
 u - a wand of ensnaring
 y - a wand of iceblast
 z - a wand of acid
 E - a wand of disintegration (1)
Scrolls
 c - 6 scrolls of teleportation
 s - 6 scrolls of blinking
 v - a scroll of immolation
Potions
 e - 2 potions of heal wounds
 g - a potion of might
 h - a potion of lignification
 j - a potion of haste
 m - 3 potions of curing
 F - 2 potions of ambrosia
Miscellaneous
 A - a phial of floods (inert)
Comestibles
 d - 32 rations


   Skills:
 * Level 16.1 Fighting
 - Level 2.6 Short Blades
 - Level 9.0 Armour
 - Level 12.9 Dodging
 - Level 2.6 Stealth
 - Level 7.5 Spellcasting
 - Level 2.6 Fire Magic
   Level 4.0 Invocations


You had 25 spell levels left.
You knew the following spells:

 Your Spells              Type           Power        Failure   Level  Hunger
a - Flame Tongue          Fire           9 (30)       50%         1    None

Your spell library contained the following spells:

 Spells                   Type           Power        Failure   Level  Hunger
 Shock                    Air            3 (25)       86%         1    None
 Conjure Flame            Fire           9 (100)      86%         3    ###....
 Blink                    Tloc           N/A          94%         2    ##.....
 Call Imp                 Summ           3 (100)      94%         2    ##.....
 Slow                     Hex            3 (100)      94%         2    ##.....
 Swiftness                Chrm/Air       3 (100)      94%         2    ##.....
 Mephitic Cloud           Pois/Air       3 (100)      99%         3    ###....
 Static Discharge         Air            3 (100)      99%         3    ###....
 Airstrike                Air            3 (200)      100%        4    ####...
 Lightning Bolt           Air            3 (200)      100%        5    ######.


Dungeon Overview and Level Annotations

Branches:
Dungeon (6/8)              Temple (1/1) D:4            Lair (0/6) D:5
    Orc (0/2) D:6          Bailey (visited)

Altars:
Ashenzari
Dithmenos
Elyvilon
Gozag Ym Sagoz
Hepliaklqana
Kikubaaqudgha
Nemelex Xobeh
Qazlal
Sif Muna
Trog
Uskayaw
Vehumet
Wu Jian
Yredelemnul

Shops:
D:2 [   D:5 [

Annotations:
D:4 3 runed translucent doors, Eptagon's ghost, novice HODs
D:6 Gastronok


Innate Abilities, Weirdness & Mutations

Your stats never grow through leveling.
Your goblin ancestry allows you to find more gold. (+20%)
You are small and have problems with some larger weapons.
You have a pair of horns on your head.
You are mostly covered in large bone plates. (SH +6)
Your magical capacity is low. (-10% MP)
You are somewhat resistant to further mutation.
You are partially covered in sharp spines.
When hurt, damage is shared between your health and your magic reserves.
The pity of the gods increases the power of your passive and invoked divine abilities.


Message History

The skeletal warrior freezes you (2).
* * * LOW HITPOINT WARNING * * *
You hit the skeletal warrior but do no damage. x2
The skeletal warrior is struck by your spines (11)!
The skeletal warrior hits you but does no damage.
The skeletal warrior hits you with a +3 trident of freezing (6).
* * * LOW HITPOINT WARNING * * *
The skeletal warrior freezes you (2).
* * * LOW HITPOINT WARNING * * *
The cyan ugly thing gurgles horribly!
The skeletal warrior hits you from afar with a +3 trident of freezing (1).
* * * LOW HITPOINT WARNING * * *
The skeletal warrior unwields a +3 trident of freezing.
The skeletal warrior wields a +1 longbow of molten steel.
The surface melts into red hot liquid metal!
The skeletal warrior shoots an arrow.
The arrow punctures you (10)!
* * * LOW HITPOINT WARNING * * *
The arrow burns you (10)!
You die...
Your body crumbles into a pile of gold.

##### #########[##
......######......[.[.#
......)...............#
...................∩..# .
......................# ..
...u......>.........>.# ..
......................# ..
......................# ..
#..
.........@............# ..
#..
......z.####..........#...
.. .....####
#.............. #.######
#..........#### #..#
#######.#### ##.#########
####....# #..........#
#....#### #..........#
##.####### #..........#
#........#


You could see a cyan ugly thing and a skeletal warrior.

Vanquished Creatures
  An orc warlord (Bailey)
  Nessos (D:6)
  A two-headed ogre (D:6)
  An unseen horror (D:6)
  Nergalle (D:6)
  A centaur warrior (D:6)
  A wizard (D:5)
  A deep elf mage (D:6)
  A rock worm (D:6)
  An ugly thing (D:6)
  3 trolls
  2 komodo dragons (D:5)
  2 hippogriffs (D:6)
  Grinder (D:3)
  Grum (D:6)
  4 war dogs
  5 yaks
  2 hungry ghosts
  A soldier ant (D:6)
  5 orc warriors
  A necrophage (D:6)
  A porcupine (D:5)
  3 phantoms
  5 scorpions
  3 ice beasts
  2 sky beasts
  3 ogres
  An eye of draining (D:6)
  A rock worm zombie (D:5)
  A crocodile (D:2)
  3 big kobolds
  11 bullfrogs
  A meliai zombie (D:6)
  3 centaurs
  A harpy skeleton (D:6)
  A howler monkey (D:3)
  8 killer bees
  A quasit (D:5)
  5 wights
  4 jellies
  2 crimson imps
  An orc priest (D:4)
  5 hounds
  6 worker ants
  5 iguanas
  6 orc wizards
  A wyvern skeleton (D:5)
  A giant cockroach (D:2)
  2 bullfrog skeletons (D:6)
  A shadow imp (D:4)
  12 adders
  8 gnolls
  5 sewer rats (D:2)
  5 cinder newts
  A worm (D:2)
  2 hound zombies (D:5)
  2 oozes (D:1)
  2 leopard geckos
  34 orcs
  3 adder skeletons
  An adder zombie (D:5)
  4 hobgoblins
  3 quokkas
  A ball python (D:4)
  5 bats (D:1)
  2 bat skeletons (D:2)
  11 goblins
  A jackal skeleton (D:3)
  27 kobolds
  A quokka skeleton (D:5)
  2 rats (D:1)
  A giant blowfly (D:2)
258 creatures vanquished.

Vanquished Creatures (others)
  A ball python (D:2)
  A goblin skeleton (D:2)
  A kobold (D:2)
  A leopard gecko skeleton (D:2)
  10 plants (D:5)
  63 withered plants (D:2)
77 creatures vanquished.

Grand Total: 335 creatures vanquished

Notes
Turn   | Place    | Note
-------+----------+-------------------------------------------
     0 | D:1      | Chiseanne the Goblin Demonspawn began the quest for the
                  | Orb.
     0 | D:1      | Reached XP level 1. HP: 13/13 MP: 2/2
    22 | D:1      | Gained mutation: You have a pair of small horns on your
                  | head. [demonic ancestry]
    22 | D:1      | Reached XP level 2. HP: 17/19 MP: 3/3
    31 | D:1      | Reached skill level 2 in Fighting
   116 | D:1      | Reached skill level 1 in Armour
   191 | D:1      | Reached XP level 3. HP: 25/25 MP: 4/4
   430 | D:1      | Identified a scroll of acquirement
   538 | D:1      | Gained mutation: You are partially covered in large bone
                  | plates. (SH +4) [demonic ancestry]
   538 | D:1      | Reached XP level 4. HP: 30/30 MP: 5/5
   662 | D:1      | Reached skill level 3 in Fighting
   789 | D:2      | Found Lozeeff's Antique Armour Shop.
   833 | D:2      | Reached skill level 5 in Dodging
   867 | D:2      | Noticed a bullfrog
   876 | D:2      | Killed a bullfrog
   876 | D:2      | Gained mutation: You are partially covered in sharp spines.
                  | [demonic ancestry]
   876 | D:2      | Reached XP level 5. HP: 37/37 MP: 6/6
   884 | D:2      | Reached skill level 4 in Fighting
   896 | D:2      | Reached XP level 6. HP: 31/44 MP: 7/7
   905 | D:2      | Reached skill level 5 in Fighting
   909 | D:2      | Gained mutation: You are mostly covered in large bone
                  | plates. (SH +6) [demonic ancestry]
   909 | D:2      | Reached XP level 7. HP: 15/50 MP: 8/8
  1226 | D:3      | Noticed Grinder
  1253 | D:3      | Killed Grinder
  1253 | D:3      | Reached skill level 6 in Fighting
  1301 | D:3      | Reached XP level 8. HP: 57/57 MP: 8/8
  1537 | D:3      | Reached skill level 7 in Fighting
  1883 | D:4      | Reached skill level 5 in Armour
  2019 | D:4      | Reached skill level 8 in Fighting
  2019 | D:4      | Reached XP level 9. HP: 66/66 MP: 9/9
  2053 | D:4      | Noticed Eptagon's ghost (novice HODs)
  2054 | D:4      | Found a runed translucent gate.
  2054 | D:4      | Found a runed translucent gate.
  2054 | D:4      | Found a runed translucent gate.
  2168 | D:4      | Reached skill level 9 in Fighting
  2290 | D:4      | Found a staircase to the Ecumenical Temple.
  2302 | Temple   | Entered the Ecumenical Temple
  2334 | Temple   | Became a worshipper of Gozag Ym Sagoz the Greedy
  2547 | D:4      | Reached skill level 10 in Dodging
  2901 | D:5      | Entered Level 5 of the Dungeon
  2928 | D:5      | Noticed a komodo dragon
  2939 | D:5      | Reached skill level 10 in Fighting
  2939 | D:5      | Gained mutation: When hurt, damage is shared between your
                  | health and your magic reserves. [demonic ancestry]
  2939 | D:5      | Reached XP level 10. HP: 27/76 MP: 10/10
  3184 | D:5      | Noticed a wizard
  3206 | D:5      | Killed a wizard
  3359 | D:5      | Found a staircase to the Lair.
  3474 | D:5      | Reached skill level 11 in Fighting
  3955 | D:6      | Noticed Nessos
  3960 | D:6      | Gained mutation: You have a pair of horns on your head.
                  | [demonic ancestry]
  3960 | D:6      | Reached XP level 11. HP: 77/83 MP: 15/15
  3961 | D:6      | Reached skill level 5 in Spellcasting
  3961 | D:6      | Noticed Nergalle
  3987 | D:6      | Noticed a skeletal warrior
  3989 | D:6      | Killed Nessos
  4155 | D:6      | Killed an unseen horror
  4240 | D:6      | Noticed a centaur warrior
  4249 | D:6      | Killed a centaur warrior
  4249 | D:6      | Reached skill level 12 in Fighting
  4307 | D:6      | Found a flagged portal.
  4325 | D:6      | Noticed a deep elf mage
  4340 | D:6      | Killed a deep elf mage
  4347 | D:6      | Noticed Grum
  4353 | Bailey   | Entered a bailey
  4386 | Bailey   | Noticed an orc warlord
  4462 | Bailey   | Found a runed translucent gate.
  4462 | Bailey   | Found a runed translucent gate.
  4480 | Bailey   | Found a runed translucent gate.
  4624 | Bailey   | Identified the +2 cloak of Circular Logic {rElec MR++ Int+4
                  | Dex-3}
  4627 | Bailey   | Killed an orc warlord
  4627 | Bailey   | Reached XP level 12. HP: 50/92 MP: 9/19
  4759 | D:6      | Reached skill level 13 in Fighting
  4770 | D:6      | Killed Grum
  4934 | D:6      | Noticed Gastronok
  5043 | D:6      | Killed Nergalle
  5043 | D:6      | Reached skill level 14 in Fighting
  5111 | D:5      | Bought a shimmering plate armour for 1036 gold pieces
  5111 | D:5      | Identified the +6 plate armour of Fortification {Str+4}
                  | (You bought it in a shop on level 5 of the Dungeon)
  5145 | D:6      | Found a hazy altar of Hepliaklqana.
  5192 | D:6      | Reached skill level 15 in Fighting
  5261 | D:6      | Found a sparkling altar of Nemelex Xobeh.
  5262 | D:6      | Noticed a two-headed ogre
  5273 | D:6      | Killed a two-headed ogre
  5337 | D:6      | Reached skill level 16 in Fighting
  5399 | D:6      | Found a staircase to the Orcish Mines.
  5424 | D:6      | Shot with an arrow by a skeletal warrior

Levels and vault maps discovered:
D:1:      dpeg_arrival_simpleton_a, layout_basic, kennysheep_generic_room_13
D:2:      layout_sewer, serial_shops, shop_fountains, minmay_checkerbox
D:3:      layout_loops_ring, first_ration, uniq_grinder
D:4:      layout_stronghold, minmay_temple_entry_statues_pillars,
          gammafunk_ghost_split
D:5:      layout_rooms, david_lair_shrubbed, bcadren_nooodl_food_pyramid
D:6:      layout_roguey, nemelex_xobeh_ov_fountains_minmay,
          kennysheep_mini_moat, orc_david_3, enter_bailey_1, uniq_nergalle,
          uniq_gastronok, uniq_grum, uniq_nessos
Temple:   compressed_dpeg_circular_temple

Skill      XL: |  1  2  3  4  5  6  7  8  9 10 11 12 |
---------------+-------------------------------------+-----
Fighting       | 2 3 4 5 6 8 10 11 12 16 | 16.1
Armour         | 1 2 3 4 5 6 7 9 |  9.0
Dodging        | 5 6 7 9 10 11 12 | 12.9
Spellcasting   | 4 7 |  7.5
Short Blades   | |  2.6
Stealth        | |  2.6
Fire Magic     | |  2.6
Invocations    | |  4.0

Action                   |  1- 3 |  4- 6 |  7- 9 | 10-12 || total
-------------------------+-------+-------+-------+-------++-------
Melee: Rapier            |    38 |       |       |       ||    38
       Unarmed           |     9 |       |       |       ||     9
       Spear             |    17 |       |       |       ||    17
       Headbutt          |     1 |     1 |    12 |    24 ||    38
       Dagger            |     7 |    16 |    96 |   110 ||   229
       Katar             |     1 |    31 |   151 |   234 ||   417
       Short sword       |       |       |       |    60 ||    60
 Fire: Hand crossbow     |       |       |       |    66 ||    66
Invok: Call Merchant     |       |       |       |     1 ||     1
Evoke: Wand              |       |       |       |    12 ||    12
       Phial of floods   |       |       |       |     1 ||     1
  Use: Scroll            |     1 |     1 |       |     3 ||     5
       Potion            |       |       |     1 |     9 ||    10
 Stab: Sleeping          |     4 |     4 |     3 |       ||    11
       Invisible         |       |       |       |     3 ||     3
  Eat: Chunk             |       |       |     6 |       ||     6
       Ration            |       |       |     2 |     4 ||     6
Armor: Leather armour    |    13 |     8 |    11 |       ||    32
       Ring mail         |       |       |    40 |    82 ||   122
       Plate armour      |       |       |       |    28 ||    28
Dodge: Dodged            |    36 |    28 |   142 |   251 ||   457
Block: Other             |       |     7 |    59 |   122 ||   188
